 Dungeon Crawl Stone Soup version 0.27-a0-1381-g81fdcbfb23 (webtiles) character file.

Game seed: 8212021830515478172

797 Kinoniko the Cleaver (level 7, 0/57 HPs)
             Began as a Minotaur Berserker on June 30, 2021.
             Was a Believer of Trog.
             Slain by Pikel (5 damage)
             ... on level 5 of the Dungeon.
             The game lasted 00:04:51 (4742 turns).

Kinoniko the Cleaver (Minotaur Berserker)           Turns: 4742, Time: 00:04:52

Health: 0/57       AC:  8    Str: 22    XL:     7   Next: 58%
Magic:  0/6        EV:  8    Int:  6    God:    Trog [**....]
Gold:   127        SH:  0    Dex:  9    Spells: 6/6 levels left

rFire    . . .     SeeInvis .   a - +0 hand axe
rCold    . . .     Faith    .   (no shield)
rNeg     . . .     Spirit   +   i - +0 chain mail
rPois    .         Reflect  .   (helmet restricted)
rElec    .         Harm     .   (no cloak)
rCorr    .         Rampage  .   (no gloves)
Will     .....                  (no boots)
Stlth    ..........             g - amulet of guardian spirit
HPRegen  0.19/turn              (no ring)
MPRegen  0.10/turn              (no ring)

@: brilliant, on berserk cooldown, attractive, flying
A: horns 2, retaliatory headbutt
a: Renounce Religion, Berserk, Trog's Hand


You were on level 5 of the Dungeon.
You worshipped Trog.
Trog was pleased with you.
You visited 1 branch of the dungeon, and saw 5 of its levels.

You collected 127 gold pieces.

Inventory:

Hand Weapons
 a - a +0 hand axe (weapon)
Missiles
 l - 3 javelins
Armour
 i - a +0 chain mail (worn)
Jewellery
 g - an amulet of guardian spirit (around neck)
Wands
 o - a wand of polymorph (10)
 s - a wand of iceblast (13)
Scrolls
 b - 3 scrolls of teleportation
 d - a scroll of amnesia {unknown}
 f - a scroll of silence
 k - 2 scrolls of blinking
 n - a scroll of summoning {unknown}
 p - a scroll of noise {unknown}
 r - a scroll of torment {unknown}
Potions
 j - a potion of flight


   Skills:
 - Level 3.6 Fighting
 * Level 10.7 Axes
 - Level 2.4 Armour
 - Level 2.1 Dodging


You had 6 spell levels left.
You didn't know any spells.
Your spell library was empty.

Dungeon Overview and Level Annotations

Branches:
Dungeon (5/15)             Temple (0/1) D:4

Altars:
Gozag
Sif Muna

Shops:
D:3 (=!

Portals:
Abyss: D:3

Annotations:
D:3 2 transporters, Nattfarinn's ghost, weakling MfTm
D:5 Dowan; Duvessa; Grinder; Pikel


Innate Abilities, Weirdness & Mutations

You have a pair of horns on your head.
You reflexively headbutt those who attack you in melee.


Message History

You feel less confused. Pikel closely misses you. You furiously retaliate!
You headbutt Pikel, but do no damage. You hit Pikel.
Pikel is heavily wounded.
Pikel hits you with a +2 whip of freezing.
Pikel freezes you.
You hit Pikel.
Pikel is heavily wounded.
Pikel hits you with a +2 whip of freezing.
Pikel freezes you.
You hit Pikel.
Pikel is severely wounded.
Pikel hits you with a +2 whip of freezing.
Pikel freezes you.
Pikel hits you with a +2 whip of freezing!
* * * LOW HITPOINT WARNING * * *
Pikel freezes you.
* * * LOW HITPOINT WARNING * * *
You closely miss Pikel.
Pikel is severely wounded.
Pikel hits you but does no damage.
Unknown command.
You hit Pikel but do no damage. Your headbutt misses Pikel.
Pikel is severely wounded.
Pikel closely misses you. You furiously retaliate!
You headbutt Pikel, but do no damage.
Unknown command.
You hit Pikel.
Pikel is severely wounded.
Pikel hits you with a +2 whip of freezing.
* * * LOW HITPOINT WARNING * * *
Pikel freezes you.
* * * LOW HITPOINT WARNING * * *
Unknown command.
You closely miss Pikel.
Pikel is severely wounded.
You feel yourself speed up.
Pikel hits you with a +2 whip of freezing.
You die...

#. #. #.
### #. #..
#. #.#
#########.
#.#
#.........
#$#
#.########
#@# #.#
#K#######.#
#.........#
###########


You could see Pikel.

Vanquished Creatures
  Edmund (D:4)
  An ogre (D:5)
  4 lemures (D:5)
  A phantom (D:4)
  A scorpion (D:4)
  3 hounds (D:4)
  4 orc priests
  2 iguanas (D:4)
  An orc wizard (D:4)
  Ijyb (D:5)
  Terence (D:2)
  A howler monkey zombie (D:4)
  4 adders
  An ufetubus (D:3)
  A worm (D:3)
  12 orcs
  4 bats
  6 endoplasms
  5 giant cockroaches
  4 goblins
  5 hobgoblins
  4 jackals (D:3)
  5 quokkas
  5 ball pythons
  5 frilled lizards
  2 kobolds
  A rat (D:1)
85 creatures vanquished.

Notes
Turn   | Place    | Note
-------+----------+-------------------------------------------
     0 | D:1      | Kinoniko the Minotaur Berserker began the quest for the
                  | Orb.
     0 | D:1      | Reached XP level 1. HP: 19/19 MP: 0/0
    25 | D:1      | Found a faded altar of an unknown god.
   212 | D:1      | Reached skill level 4 in Axes
   374 | D:1      | Reached XP level 2. HP: 26/26 MP: 1/1
  1266 | D:2      | Reached skill level 5 in Axes
  1340 | D:2      | Reached XP level 3. HP: 27/31 MP: 2/2
  1519 | D:2      | Noticed Terence
  1523 | D:2      | Killed Terence
  1827 | D:2      | Reached ** piety under Trog
  1832 | D:2      | Reached XP level 4. HP: 39/39 MP: 3/3
  1834 | D:2      | Reached skill level 6 in Axes
  2133 | D:3      | Found Gumeo's Weapon Shoppe.
  2199 | D:3      | Found Juvad's Jewellery Shop.
  2278 | D:3      | Found Suzu's Distillery.
  2395 | D:3      | Found a one-way gate to the infinite horrors of the Abyss.
  2395 | D:3      | Noticed Nattfarinn's ghost (weakling MfTm)
  2403 | D:3      | Found a transporter.
  2405 | D:3      | Noticed a kobold brigand
  2410 | D:3      | Found a transporter.
  2417 | D:3      | Noticed a small abomination
  2633 | D:3      | Reached skill level 7 in Axes
  2633 | D:3      | Reached XP level 5. HP: 45/45 MP: 1/4
  3101 | D:4      | Reached skill level 8 in Axes
  3147 | D:4      | Noticed a phantom
  3155 | D:4      | Killed a phantom
  3156 | D:4      | Reached XP level 6. HP: 51/51 MP: 2/5
  3342 | D:4      | Found a shimmering blue altar of Sif Muna.
  3402 | D:4      | Noticed Edmund
  3409 | D:4      | Killed Edmund
  3410 | D:4      | Reached skill level 9 in Axes
  3467 | D:4      | Found an opulent altar of Gozag.
  3527 | D:4      | Found a staircase to the Ecumenical Temple.
  3721 | D:4      | Reached XP level 7. HP: 50/57 MP: 4/6
  4088 | D:4      | Reached skill level 10 in Axes
  4467 | D:5      | Entered Level 5 of the Dungeon
  4467 | D:5      | Noticed Duvessa
  4467 | D:5      | Noticed Dowan
  4467 | D:5      | Noticed Grinder
  4563 | D:5      | Noticed Ijyb
  4572 | D:5      | Killed Ijyb
  4693 | D:5      | Noticed Pikel
  4742 | D:5      | Slain by Pikel

Illustrated notes

Levels and vault maps discovered:
D:1:      giann_bridges, layout_basic, hellmonk_ecumenical_altar_blasted
D:2:      layout_basic, uniq_terence
D:3:      layout_loops_ring, serial_shops, shop, nicolae_square_shop, shop,
          gammafunk_ghost_abyssal_escape
D:4:      layout_loops_ring, lemuel_doored_altar, grunt_gozag_breadcrumbs,
          temple_statues, uniq_edmund
D:5:      layout_basic, nicolae_shop_overcharged_wands, uniq_duvessa,
          uniq_pikel, uniq_menkaure, uniq_grinder, uniq_ijyb

Skill      XL: |  1  2  3  4  5  6  7 |
---------------+----------------------+-----
Axes           | 4 5 7 8 9 10 | 10.7
Fighting       | |  3.6
Armour         | |  2.4
Dodging        | |  2.1

Action                   |  1- 3 |  4- 6 |  7- 9 || total
-------------------------+-------+-------+-------++-------
Melee: Hand axe          |    55 |    70 |    90 ||   215
       Headbutt          |     9 |     8 |    13 ||    30
Invok: Berserk           |     2 |     6 |     3 ||    11
  Use: Scroll            |     3 |     2 |       ||     5
       Potion            |       |       |     7 ||     7
Armor: Animal skin       |     3 |       |       ||     3
       Leather armour    |     8 |     9 |       ||    17
       Scale mail        |       |     1 |       ||     1
       Chain mail        |       |     5 |    25 ||    30
Dodge: Dodged            |    40 |    40 |    39 ||   119

Table legend: (Time is in decaauts)
 A = Elapsed time spent in this place.
 B = Non-inter-level travel time spent in this place.
 C = Inter-level travel time spent in this place.
 D = Time resting spent in this place.
 E = Time spent auto-exploring this place.
 F = Levels seen in this place.
 G = Mean time per level.
                   A        B        C        D        E       F      G
               +--------+--------+--------+--------+--------+-----+--------+
         Total |   4828 |   4720 |    108 |    617 |   3581 |   5 |  965.6 |
       Dungeon |   4828 |   4720 |    108 |    617 |   3581 |   5 |  965.6 |
               +--------+--------+--------+--------+--------+-----+--------+

Top non-repeatable levels by time:
     D:4: 1457 daAuts
     D:3: 1174 daAuts
     D:1: 1060 daAuts
     D:2: 908 daAuts
     D:5: 228 daAuts
